 Dungeon Crawl Stone Soup version 0.24-a0-443-g80245de385 (console) character file.

Game seed: 3518044402814442088

5175 Lexodia the Martial Artist (level 10, 0/76 HPs)
             Began as a Gnoll Transmuter on June 17, 2019.
             Was a Believer of Makhleb.
             Killed from afar by an orc wizard (10 damage)
             ... with a magic dart
             ... on level 10 of the Dungeon on June 21, 2019.
             The game lasted 00:27:03 (7609 turns).

Lexodia the Martial Artist (Gnoll Transmuter)       Turns: 7609, Time: 00:27:04

Health: 0/76       AC:  5    Str: 18    XL:     10   Next: 59%
Magic:  15/21      EV: 17    Int: 20    God:    Makhleb [**....]
Gold:   148        SH:  0    Dex: 18    Spells: 12/23 levels left

rFire    . . .     SeeInvis +     - Unarmed
rCold    . . .     Gourm    +   (shield currently unavailable)
rNeg     . . .     Faith    .   b - +0 robe
rPois    .         Spirit   .   (no helmet)
rElec    +         Reflect  .   (no cloak)
rCorr    .         Harm     .   (gloves currently unavailable)
MR       +....                  x - +2 pair of boots
Stlth    +++.......             t - amulet of the gourmand
HPRegen  0.22/turn              D - ring "Kuibron" {+Inv rElec Str+4 Int-2 Dex+3}
MPRegen  0.17/turn              H - ring "Ysiebbutz" {MR+ Str+2 Int+2 SInv}

@: blade hands, very slightly contaminated, invisible
A: distributed training, fangs 1, strong nose
a: End Transformation, Minor Destruction, Renounce Religion


You were on level 10 of the Dungeon.
You worshipped Makhleb.
Makhleb was pleased with you.
You were full.
You had blades for hands.
You visited 1 branch of the dungeon, and saw 10 of its levels.

You collected 313 gold pieces.
You spent 165 gold pieces at shops.

Inventory:

Hand Weapons
 A - a +0 spear of freezing (melded)
Missiles
 a - 166 arrows
 g - 224 stones
 k - 6 boomerangs (quivered)
 y - 3 atropa-tipped darts
 z - 7 poisoned darts
Armour
 b - a +0 robe (worn)
 s - a +2 shield
 x - a +2 pair of boots (worn)
Jewellery
 t - an amulet of the gourmand (around neck)
 D - the ring "Kuibron" (left scythe-like blade) {+Inv rElec Str+4 Int-2 Dex+3}
   (You bought it in a shop on level 8 of the Dungeon)

   [ring of dexterity]

   It affects your strength (+4).
   It affects your intelligence (-2).
   It affects your dexterity (+3).
   It insulates you from electricity.
   It lets you turn invisible.
 H - the ring "Ysiebbutz" (right scythe-like blade) {MR+ Str+2 Int+2 SInv}
   (You found it on level 9 of the Dungeon)

   [ring of protection from magic]

   It affects your strength (+2).
   It affects your intelligence (+2).
   It affects your resistance to hostile enchantments.
   It lets you see invisible.
Wands
 m - a wand of disintegration (17)
 u - a wand of flame (9)
 w - a wand of iceblast (11)
 I - a wand of polymorph (7)
Scrolls
 c - 4 scrolls of remove curse
 e - 5 scrolls of identify
 i - a scroll of fear
 o - 2 scrolls of teleportation
 q - a scroll of enchant armour
 r - 3 scrolls of amnesia
 B - a scroll of fog
 C - a scroll of holy word {unknown}
 G - a scroll of blinking
Potions
 f - 4 potions of curing
 h - a potion of cancellation
 j - a potion of berserk rage
 l - 2 potions of heal wounds
 n - 2 potions of flight
 p - a potion of might
 v - 2 potions of brilliance
 E - a potion of ambrosia {unknown}
 F - a potion of haste
Comestibles
 d - 12 rations


   Skills:
 + Level 6.0 Fighting
 + Level 5.3 Short Blades
 + Level 5.3 Long Blades
 + Level 5.3 Axes
 + Level 5.3 Maces & Flails
 + Level 5.3 Polearms
 + Level 5.3 Staves
 + Level 5.3 Slings
 + Level 5.3 Bows
 + Level 5.3 Crossbows
 + Level 5.3 Throwing
 + Level 5.3 Armour
 + Level 7.1 Dodging
 + Level 5.3 Stealth
 + Level 5.3 Shields
 + Level 8.5 Unarmed Combat
 + Level 7.4 Spellcasting
 + Level 4.4 Conjurations
 + Level 4.4 Hexes
 + Level 4.4 Charms
 + Level 4.4 Summonings
 + Level 4.4 Necromancy
 + Level 4.4 Translocations
 + Level 5.9 Transmutations
 + Level 4.4 Fire Magic
 + Level 4.4 Ice Magic
 + Level 4.4 Air Magic
 + Level 4.4 Earth Magic
 + Level 4.4 Poison Magic
 + Level 5.8 Invocations
 + Level 5.3 Evocations


You had 12 spell levels left.
You knew the following spells:

 Your Spells              Type           Power        Failure   Level  Hunger
a - Beastly Appendage     Tmut           ####..       14%         1    None
b - Sticks to Snakes      Tmut           ####....     17%         2    None
c - Spider Form           Tmut/Pois      ####......   26%         3    #......
d - Blade Hands           Tmut           ####......   65%         5    #####..

Your spell library contained the following spells:

 Spells                   Type           Power        Failure   Level  Hunger
 Confusing Touch          Hex            ####..       19%         1    None
 Corona                   Hex            ####...      19%         1    None
 Slow                     Hex            ####....     22%         2    None
 Confuse                  Hex            ####....     30%         3    #......
 Gell's Gravitas          Tloc           ####......   30%         3    #......
 Inner Flame              Hex/Fire       ####....     30%         3    #......
 Portal Projectile        Hex/Tloc       ####..       30%         3    #......
 Ice Form                 Ice/Tmut       ####....     47%         4    ###....
 Petrify                  Tmut/Erth      ####....     47%         4    ###....
 Cause Fear               Hex            ####......   54%         4    ###....
 Leda's Liquefaction      Hex/Erth       ####......   54%         4    ###....
 Yara's Violent Unravell  Hex/Tmut       ####......   73%         5    #####..
 Metabolic Englaciation   Hex/Ice        ####......   80%         5    #####..


Dungeon Overview and Level Annotations

Branches:
Dungeon (10/15)
 Temple: D:4-7         Lair: D:8-11         Orc: D:9-12

Altars:
Cheibriados
Dithmenos
Kikubaaqudgha
Makhleb
Qazlal
Sif Muna
Uskayaw
Xom
Yredelemnul
The Shining One

Shops:
D:8 *


Innate Abilities, Weirdness & Mutations

Your experience applies equally to all skills.
You have very sharp teeth.
Your uncanny sense of smell can sniff out nearby items.


Message History

The iceblast engulfs you!!
* * * LOW HITPOINT WARNING * * *
You hear a shout!
You hear two shouts!
The warg pauses to sniff the ground.
An orc comes into view. x2
The orc throws a boomerang.
The boomerang barely misses you.
The weapon returns to the orc!
An orc priest comes into view. It is wielding a +0 short sword.
Huge Dmg: -13%(-10hp) hp: 22%(16hp) Unknown command.
Okay, then.
You fade into invisibility!
You are very lightly contaminated with residual magic.
You feel somewhat less full. The warg barely misses you.
The orc throws a boomerang.
The boomerang hits you.
* * * LOW HITPOINT WARNING * * *
The weapon returns to the orc!
The orc wizard casts a spell at you. The magic dart hits you!
You die...

.#.######.###.#####
............#
#<..... .
...........###.#####
.. #..............#
...##..........#####
........##....)#
.o......##....##
..............#
....o.o@......#
....o.[h..##..#
...)......##..#
o...o.........#
..o...........#
#.)o.....##...#
)........# .... ∆
.......... ...#


You could see a warg, an orc warrior, 2 orc priests, an orc wizard and 4 orcs.

Vanquished Creatures
  Harold (D:7)
  A gargoyle (D:10)
  An efreet (D:9)
  3 hippogriffs
  A wyvern (D:9)
  A hungry ghost (D:9)
  3 sky beasts
  2 ogres
  3 phantoms
  A necrophage (D:9)
  2 ice beasts
  5 centaurs
  A big kobold (D:8)
  3 bullfrogs
  6 scorpions
  A howler monkey (D:9)
  3 centaur zombies
  A bullfrog zombie (D:9)
  2 crimson imps
  3 hounds
  3 orc wizards
  2 centaur skeletons
  4 orc priests
  3 iguanas
  5 worker ants
  2 hound skeletons
  3 worker ant zombies
  11 gnolls
  7 adders
  A shadow imp (D:5)
  3 oozes
  A worm (D:3)
  3 adder skeletons
  An adder zombie (D:8)
  A dart slug (D:3)
  9 leopard geckos
  20 orcs
  4 giant cockroaches
  13 goblins
  2 hobgoblins (D:3)
  5 jackals
  4 quokkas
  11 bats
  4 frilled lizards
  11 kobolds
  A leopard gecko skeleton (D:4)
  A quokka skeleton (D:8)
  5 rats
184 creatures vanquished.

Notes
Turn   | Place    | Note
-------+----------+-------------------------------------------
     0 | D:1      | Lexodia the Gnoll Transmuter began the quest for the Orb.
     0 | D:1      | Reached XP level 1. HP: 17/17 MP: 6/6
    37 | D:1      | Upgraded the game from 0.24-a0-434-gd57e52fea8 to
                  | 0.24-a0-443-g80245de385
   117 | D:1      | Huge Dmg: 6 dmg
   120 | D:1      | Reached XP level 2. HP: 10/23 MP: 4/7
   124 | D:1      | Learned a level 2 spell: Sticks to Snakes
   784 | D:1      | Reached XP level 3. HP: 26/28 MP: 9/9
   796 | D:1      | Learned a level 3 spell: Spider Form
   814 | D:1      | Reached skill level 5 in Spellcasting
  1034 | D:2      | Reached skill level 1 in Invocations
  1039 | D:2      | Huge Dmg: 4 dmg
  1242 | D:2      | Reached skill level 1 in Short Blades
  1242 | D:2      | Reached skill level 1 in Long Blades
  1242 | D:2      | Reached skill level 1 in Axes
  1242 | D:2      | Reached skill level 1 in Maces & Flails
  1242 | D:2      | Reached skill level 1 in Polearms
  1242 | D:2      | Reached skill level 1 in Staves
  1242 | D:2      | Reached skill level 1 in Slings
  1242 | D:2      | Reached skill level 1 in Bows
  1242 | D:2      | Reached skill level 1 in Crossbows
  1242 | D:2      | Reached skill level 1 in Throwing
  1242 | D:2      | Reached skill level 1 in Armour
  1242 | D:2      | Reached skill level 1 in Stealth
  1242 | D:2      | Reached skill level 1 in Shields
  1242 | D:2      | Reached skill level 1 in Evocations
  1271 | D:2      | Reached XP level 4. HP: 25/34 MP: 7/11
  1727 | D:2      | Huge Dmg: 8 dmg
  1834 | D:3      | Reached skill level 1 in Conjurations
  1834 | D:3      | Reached skill level 1 in Hexes
  1834 | D:3      | Reached skill level 1 in Charms
  1834 | D:3      | Reached skill level 1 in Summonings
  1834 | D:3      | Reached skill level 1 in Necromancy
  1834 | D:3      | Reached skill level 1 in Translocations
  1834 | D:3      | Reached skill level 1 in Fire Magic
  1834 | D:3      | Reached skill level 1 in Ice Magic
  1834 | D:3      | Reached skill level 1 in Air Magic
  1834 | D:3      | Reached skill level 1 in Earth Magic
  1834 | D:3      | Reached skill level 1 in Poison Magic
  1874 | D:3      | Reached XP level 5. HP: 26/40 MP: 12/12
  2036 | D:3      | Huge Dmg: 10 dmg
  2216 | D:3      | Found a basalt altar of Yredelemnul.
  2216 | D:3      | Found a burning altar of Makhleb.
  2217 | D:3      | Found a stormy altar of Qazlal.
  2271 | D:3      | Became a worshipper of Makhleb the Destroyer
  2564 | D:4      | Reached XP level 6. HP: 47/47 MP: 9/13
  2577 | D:4      | Learned a level 5 spell: Blade Hands
  2654 | D:4      | You fall into a shaft and drop 3 floors!
  2655 | D:7      | Noticed a sky beast
  2683 | D:7      | Noticed a hippogriff
  2693 | D:8      | Found a shimmering altar of Xom.
  2735 | D:7      | Huge Dmg: 10 dmg
  2739 | D:7      | Killed a hippogriff
  2739 | D:7      | Reached skill level 5 in Dodging
  2739 | D:7      | Reached XP level 7. HP: 33/52 MP: 12/15
  2767 | D:7      | Found a hide-covered altar of Uskayaw.
  2829 | D:7      | Noticed a +0 hand axe
  2829 | D:7      | Noticed a +0 dagger
  2842 | D:7      | Found a snail-covered altar of Cheibriados.
  2895 | D:8      | Reached skill level 7 in Unarmed Combat
  3174 | D:6      | Huge Dmg: 12 dmg
  3217 | D:6      | Huge Dmg: 6 dmg
  3218 | D:6      | Huge Dmg: 4 dmg
  3506 | D:5      | Entered Level 5 of the Dungeon
  3521 | D:5      | Reached * piety under Makhleb
  3649 | D:5      | Reached XP level 8. HP: 39/60 MP: 12/16
  3651 | D:5      | Huge Dmg: 8 dmg
  3972 | D:5      | Huge Dmg: 7 dmg
  4748 | D:5      | You fall into a shaft and drop 2 floors!
  5180 | D:6      | Noticed a hippogriff
  5183 | D:6      | Huge Dmg: 17 dmg
  5184 | D:6      | Huge Dmg: 10 dmg
  5185 | D:6      | Huge Dmg: 10 dmg
  5186 | D:6      | Huge Dmg: 9 dmg
  5194 | D:6      | Huge Dmg: 8 dmg
  5194 | D:6      | Killed a hippogriff
  5194 | D:6      | Reached XP level 9. HP: 8/66 MP: 14/18
  5510 | D:6      | Reached skill level 5 in Transmutations
  5910 | D:7      | Found a glowing golden altar of the Shining One.
  5991 | D:7      | Noticed Harold
  6014 | D:7      | Huge Dmg: 14 dmg
  6017 | D:7      | Killed Harold
  6017 | D:7      | Reached ** piety under Makhleb
  6017 | D:7      | Reached skill level 5 in Fighting
  6017 | D:7      | Reached skill level 8 in Unarmed Combat
  6103 | D:8      | Found Buecy's Assorted Antiques.
  6191 | D:8      | Reached skill level 5 in Invocations
  6254 | D:8      | Bought a scroll labeled GAP VEIZUJI for 21 gold pieces
  6254 | D:8      | Bought a sparkling jade ring for 105 gold pieces
  6254 | D:8      | Bought an amethyst potion for 18 gold pieces
  6254 | D:8      | Bought a scroll labeled XOVAIK VIBBIRR for 21 gold pieces
  6361 | D:8      | Identified the ring "Kuibron" {+Inv rElec Str+4 Int-2
                  | Dex+3} (You bought it in a shop on level 8 of the Dungeon)
  6404 | D:8      | Huge Dmg: 14 dmg
  6429 | D:8      | Found a shadowy altar of Dithmenos.
  6593 | D:8      | Reached XP level 10. HP: 74/74 MP: 16/20
  6670 | D:8      | Found an ancient bone altar of Kikubaaqudgha.
  6774 | D:9      | Got a crude granite ring
  6776 | D:9      | Identified the ring "Ysiebbutz" {MR+ Str+2 Int+2 SInv} (You
                  | found it on level 9 of the Dungeon)
  6869 | D:9      | Huge Dmg: 31 dmg
  6872 | D:9      | Huge Dmg: 28 dmg
  6876 | D:9      | Huge Dmg: 14 dmg
  6876 | D:9      | Reached skill level 5 in Short Blades
  6876 | D:9      | Reached skill level 5 in Long Blades
  6876 | D:9      | Reached skill level 5 in Axes
  6876 | D:9      | Reached skill level 5 in Maces & Flails
  6876 | D:9      | Reached skill level 5 in Polearms
  6876 | D:9      | Reached skill level 5 in Staves
  6876 | D:9      | Reached skill level 5 in Slings
  6876 | D:9      | Reached skill level 5 in Bows
  6876 | D:9      | Reached skill level 5 in Crossbows
  6876 | D:9      | Reached skill level 5 in Throwing
  6876 | D:9      | Reached skill level 5 in Armour
  6876 | D:9      | Reached skill level 5 in Stealth
  6876 | D:9      | Reached skill level 5 in Shields
  6876 | D:9      | Reached skill level 5 in Evocations
  7241 | D:9      | Huge Dmg: 15 dmg
  7530 | D:9      | Found a deep blue altar of Sif Muna.
  7579 | D:10     | Entered Level 10 of the Dungeon
  7588 | D:10     | Noticed a gargoyle
  7594 | D:10     | Killed a gargoyle
  7606 | D:10     | Huge Dmg: 31 dmg
  7607 | D:10     | Huge Dmg: 12 dmg
  7608 | D:10     | Huge Dmg: 7 dmg
  7609 | D:10     | Huge Dmg: 10 dmg
  7609 | D:10     | Killed from afar by an orc wizard

Levels and vault maps discovered:
D:1:      minmay_arrival_semitransparent, layout_basic
D:2:      layout_rooms
D:3:      layout_rooms, gammafunk_temple_overflow_claw, first_ration,
          grunt_decor_fettered
D:4:      layout_cave_pods, lemuel_crystal_altar, minmay_temple_entry_fiery
D:5:      layout_loops_ring
D:6:      layout_loops_ring
D:7:      layout_basic, dancing_weapons_uskayaw, cheibriados_altar_1,
          basic_altar, uniq_harold
D:8:      layout_rooms, kennysheep_little_box, old_standard_altar, serial_shops,
          shop, basic_altar
D:9:      layout_irregular_city, overflow_temple_1_default
D:10:     layout_loops_corners, david_lair_shrubbed, erik_orc_4, serial_shops,
          shop_fountains

Skill      XL: |  1  2  3  4  5  6  7  8  9 10 |
---------------+-------------------------------+-----
Spellcasting   | 5 6 7 |  7.4
Invocations    | 1 2 3 4 5 |  5.8
Short Blades   | 1 2 3 4 5 |  5.3
Long Blades    | 1 2 3 4 5 |  5.3
Axes           | 1 2 3 4 5 |  5.3
Maces & Flails | 1 2 3 4 5 |  5.3
Polearms       | 1 2 3 4 5 |  5.3
Staves         | 1 2 3 4 5 |  5.3
Slings         | 1 2 3 4 5 |  5.3
Bows           | 1 2 3 4 5 |  5.3
Crossbows      | 1 2 3 4 5 |  5.3
Throwing       | 1 2 3 4 5 |  5.3
Armour         | 1 2 3 4 5 |  5.3
Stealth        | 1 2 3 4 5 |  5.3
Shields        | 1 2 3 4 5 |  5.3
Evocations     | 1 2 3 4 5 |  5.3
Conjurations   | 1 2 3 4 |  4.4
Hexes          | 1 2 3 4 |  4.4
Charms         | 1 2 3 4 |  4.4
Summonings     | 1 2 3 4 |  4.4
Necromancy     | 1 2 3 4 |  4.4
Translocations | 1 2 3 4 |  4.4
Fire Magic     | 1 2 3 4 |  4.4
Ice Magic      | 1 2 3 4 |  4.4
Air Magic      | 1 2 3 4 |  4.4
Earth Magic    | 1 2 3 4 |  4.4
Poison Magic   | 1 2 3 4 |  4.4
Fighting       | 3 4 5 6 |  6.0
Transmutations | 4 5 |  5.9
Dodging        | 5 6 7 |  7.1
Unarmed Combat | 7 8 |  8.5

Action                   |  1- 3 |  4- 6 |  7- 9 | 10-12 || total
-------------------------+-------+-------+-------+-------++-------
Melee: Unarmed           |    77 |   133 |   257 |    60 ||   527
       Bite              |     9 |     6 |    10 |    12 ||    37
       Kick              |     3 |       |     2 |       ||     5
       Headbutt          |     1 |       |       |       ||     1
       Punch             |     2 |     2 |     3 |     1 ||     8
       Spear             |       |       |    57 |    71 ||   128
Throw: Boomerang         |       |       |     7 |     2 ||     9
       Stone             |       |       |     2 |       ||     2
 Cast: Beastly Appendage |     6 |       |     2 |       ||     8
       Spider Form       |     3 |    14 |    26 |     7 ||    50
       Sticks to Snakes  |       |       |     1 |     2 ||     3
       Blade Hands       |       |       |     1 |     2 ||     3
Invok: Minor Destruction |       |       |       |     3 ||     3
 Abil: Evoke Invisibilit |       |       |       |     2 ||     2
Evoke: Wand              |       |       |       |     5 ||     5
  Use: Scroll            |       |       |    18 |       ||    18
       Potion            |       |       |       |     2 ||     2
 Stab: Sleeping          |       |     4 |     8 |     6 ||    18
       Distracted        |       |     2 |       |     1 ||     3
       Invisible         |       |       |       |     4 ||     4
  Eat: Chunk             |     1 |     6 |    23 |     2 ||    32
Armor: Robe              |    16 |     7 |    13 |     7 ||    43
       Skin              |     1 |     1 |     5 |     1 ||     8
Dodge: Dodged            |    59 |   103 |   263 |    81 ||   506

Table legend:
 A = Non-vault XP
 B = Vault XP
 C = Vault XP percentage of total XP
 D = Non-vault monster count
 E = Vault monster count
 F = Vault count percentage of total count
                 A         B        C        D         E       F
            +---------+---------+-------+---------+---------+-------
      Total |    6293 |    1100 |  14.9 |     178 |       6 |   3.3
            +---------+---------+-------+---------+---------+-------
        D:1 |      43 |       0 |   0.0 |      21 |       0 |   0.0
        D:2 |      68 |       0 |   0.0 |      16 |       0 |   0.0
        D:3 |     174 |       0 |   0.0 |      30 |       0 |   0.0
        D:4 |      64 |       0 |   0.0 |       6 |       0 |   0.0
        D:5 |     771 |       0 |   0.0 |      29 |       0 |   0.0
        D:6 |    1086 |       0 |   0.0 |      21 |       0 |   0.0
        D:7 |     617 |    1007 |  62.0 |       8 |       1 |  11.1
        D:8 |     819 |       0 |   0.0 |      23 |       0 |   0.0
        D:9 |    1961 |       0 |   0.0 |      21 |       0 |   0.0
       D:10 |     690 |      93 |  11.9 |       3 |       5 |  62.5
            +---------+---------+-------+---------+---------+-------
